 Dungeon Crawl Stone Soup version 0.29-a0-830-gcb1280458a (webtiles) character file.

Game seed: 15336972220654167350

1976 kae the Firebug (level 8, -2/57 HPs)
             Began as a Demigod Fire Elementalist on July 7, 2022.
             Engulfed by a cloud of steam (8 damage)
             ... on level 6 of the Dungeon on July 11, 2022.
             The game lasted 00:09:48 (8279 turns).

kae the Firebug (Demigod Fire Elementalist)         Turns: 8279, Time: 00:09:48

Health: -2/57      AC:  6    Str:  9    XL:     8   Next: 69%
Magic:  10/18      EV: 12    Int: 25    God:
Gold:   286        SH:  0    Dex: 14    Spells: 1/16 levels left

rFire   . . .      SeeInvis .   m - +3 dagger (flame)
rCold   . . .      Faith    .   (no shield)
rNeg    . . .      Spirit   .   a - +0 robe
rPois   +          Reflect  .   (no helmet)
rElec   .          Harm     .   (no cloak)
rCorr   .          Rampage  .   (no gloves)
Will    .....                   (no boots)
Stlth   ++........              (no amulet)
HPRegen 0.19/turn               O - +4 ring of protection
MPRegen 0.16/turn               P - ring of poison resistance

@: no status effects
A: high MP 1, forlorn, divine attributes
a: no special abilities


You were on level 6 of the Dungeon.
You visited 1 branch of the dungeon, and saw 6 of its levels.
You also visited: Ossuary.

You collected 286 gold pieces.


Innate Abilities, Weirdness & Mutations

You have an increased reservoir of magic. (+10% MP)
You shall have no god before yourself.
Your divine heritage dramatically boosts your attributes as you level up.


   Skills:
 - Level 1.7 Dodging
 - Level 1.7 Stealth
 + Level 4.6 Spellcasting
 * Level 6.8 Conjurations
 * Level 7.3 Fire Magic


You had one spell level left.
You knew the following spells:

 Your Spells              Type           Power      Damage    Failure   Level
a - Foxfire               Conj/Fire      100%       2x1d9     1%          1
b - Scorch                Fire           84%        2d9       1%          2
c - Conjure Flame         Conj/Fire      41%        6-21      1%          3
d - Inner Flame           Hex/Fire       24%        N/A       5%          3
e - Flame Wave            Conj/Fire      41%        2d9       4%          4
f - Blink                 Tloc           10%        N/A       13%         2

Your spell library contained the following spells:

 Spells                   Type           Power      Damage    Failure   Level
 Shock                    Conj/Air       88%        1d8       2%          1
 Swiftness                Air            5%         N/A       26%         3
 Airstrike                Air            2%         0-2+      65%         4
 Manifold Assault         Tloc           5%         N/A       94%         5
 Storm Form               Tmut/Air       2%         N/A       100%        7

Inventory:

Hand Weapons
 e - a +0 short sword
   (You found it on level 1 of the Dungeon)
 m - a +3 dagger of flaming (weapon)
   (You took it off a kobold on level 1 of the Dungeon)
Missiles
 c - 51 stones
 T - 9 poisoned darts
 X - a throwing net {=f!f}
Armour
 a - a +0 robe (worn)
 f - a +0 ring mail
   (You found it on level 1 of the Dungeon)
 h - a +0 leather armour
   (You found it on level 1 of the Dungeon)
 i - a +0 leather armour
   (You found it on level 2 of the Dungeon)
 j - a +0 helmet
   (You took it off Robin on level 2 of the Dungeon)
 n - a +0 hat
   (You found it on level 2 of the Dungeon)
 p - a +0 scale mail
   (You found it on level 2 of the Dungeon)
 r - a +0 cloak
   (You found it on level 6 of the Dungeon)
 t - a +0 animal skin
   (You took it off Robin on level 2 of the Dungeon)
 u - a +0 pair of gloves
   (You found it on level 2 of the Dungeon)
 v - a +0 ring mail
   (You found it on level 2 of the Dungeon)
 w - a +0 leather armour
   (You found it on level 3 of the Dungeon)
 x - a +0 robe
   (You found it on level 2 of the Dungeon)
 y - a +0 robe
   (You found it on level 3 of the Dungeon)
 B - a +0 scale mail
   (You found it on level 3 of the Dungeon)
 C - the +1 ring mail of the Fletcher {rF- rN+ Dex+7 Stlth-}
   (You found it on level 5 of the Dungeon)

   Dex:       It affects your dexterity (+7).
   rF:        It makes you vulnerable to fire.
   rN:        It protects you from negative energy.
   Stlth:     It makes you less stealthy.
 E - a +0 chain mail
   (You found it on level 3 of the Dungeon)
 F - a +0 leather armour
   (You found it on level 3 of the Dungeon)
 L - a +0 scale mail
   (You found it on level 5 of the Dungeon)
 R - a +0 robe
   (You found it on level 4 of the Dungeon)
 U - a +0 chain mail
   (You took it off a kobold on level 4 of the Dungeon)
 W - a +0 scale mail
   (You took it off a gnoll sergeant on level 5 of the Dungeon)
 Y - a +0 leather armour
   (You took it off an orc priest on level 5 of the Dungeon)
 Z - a +0 robe
   (You took it off an orc wizard on level 5 of the Dungeon)
Magical Staves
 D - a staff of earth {!a}
   (You found it on level 3 of the Dungeon)
Jewellery
 A - an amulet of the acrobat
   (You found it on level 3 of the Dungeon)
 O - a +4 ring of protection (left hand)
   (You found it on level 1 of the Dungeon)
 P - a ring of poison resistance (right hand)
   (You found it on level 2 of the Dungeon)
Wands
 H - a wand of digging (7)
   (You found it on level 3 of the Dungeon)
 V - a wand of acid (3)
   (You took it off a kobold on level 4 of the Dungeon)
Scrolls
 l - a scroll of fog
 s - 5 scrolls of teleportation {@r4}
 I - a scroll of immolation {!r!r}
 M - 2 scrolls of fear
 S - a scroll of brand weapon
Potions
 b - 3 potions of magic
 d - 3 potions of lignification {!q}
 g - 3 potions of mutation {unknown}
 k - 7 potions of curing {@q1}
 o - a potion of ambrosia
 q - 2 potions of invisibility
 z - 2 potions of attraction {!q}
 G - 2 potions of cancellation {unknown}
 J - a potion of haste {@q3}
 K - 2 potions of flight {unknown}
 N - a potion of heal wounds {@q2}
 Q - 2 potions of might {unknown}

Dungeon Overview and Level Annotations

Branches:
Dungeon (6/15) Zot: 26548  Temple (0/1) D:4         Ossuary (visited)

Annotations:
D:4 3 runed translucent doors, ouz's ghost, novice KoBr
D:6 exclusion: steam dragon, Maggie

.....#..##......)..........
#........##....รท)[#..#..###
#...#....#........#### .#
#.. #......!......##
.....###...........##
.....###............#
......................
#.............ยง.....[.#
###..##.....ยง@......... #
###....#........
#.....#........
#.....##....... #......
....... ##..... ......
#..... ...... ..... .....


There were no monsters in sight!


Message History

You lost 1 mp, and now have 2/18 mp.
A wave of flame ripples out!
You finish channelling waves of flame.
You hear an angry hiss.
You see here a hound corpse. ๐Ÿ˜จ HP[+1] ๐Ÿ˜จ MP[+1]
There is a stone staircase leading up here. ๐Ÿ˜จ HP[+1]
You start resting.
A steam dragon is nearby! ๐Ÿ˜จ HP[+2] MP[+2]
You regained 2 hp, and now have 21/57 hp.
You regained 2 mp, and now have 5/18 mp.
You climb upwards.
There is a stone staircase leading down here.
You start resting. ๐Ÿ˜ฎ HP[+12] MP[+10]
You regained 12 hp, and now have 33/57 hp.
You regained 10 mp, and now have 15/18 mp.
You start resting. ๐Ÿ˜ฎ HP[+3] MP[+3]
You regained 3 hp, and now have 36/57 hp.
Your mp is fully restored (18).
You start resting. ๐Ÿ˜• HP[+12]
You regained 12 hp, and now have 48/57 hp.
You start resting. ๐Ÿ˜Ž HP[+9]
Your hp is fully restored (57).
You climb downwards.
Level annotation: exclusion: steam dragon, Maggie
There is a stone staircase leading up here.
Casting: Flame Wave (dangerous; 4% risk of failure)
Confirm with . or Enter, or press ? or * to list all spells.
You conjure some foxfire! ๐Ÿ˜Ž MP[-1]
You lost 1 mp, and now have 17/18 mp.
You start resting. ๐Ÿ˜Ž MP[+1]
Your mp is fully restored (18).
Casting: Foxfire (safe; 1% risk of failure)
Confirm with . or Enter, or press ? or * to list all spells.
You conjure some foxfire!
The steam dragon hisses angrily.
The foxfire hits the steam dragon!
The foxfire hits the steam dragon. ๐Ÿ˜Ž MP[-1]
You lost 1 mp, and now have 17/18 mp.
Casting: Foxfire (safe; 1% risk of failure)
Confirm with . or Enter, or press ? or * to list all spells.
You conjure some foxfire!
The foxfire hits the steam dragon but does no damage.
The foxfire hits the steam dragon. ๐Ÿ˜Ž MP[-1]
You lost 1 mp, and now have 16/18 mp.
Casting: Foxfire (safe; 1% risk of failure)
Confirm with . or Enter, or press ? or * to list all spells.
You conjure some foxfire!
The foxfire hits the steam dragon. x2
The steam dragon breathes steam at you. The ball of steam misses you.
Casting: Foxfire (safe; 1% risk of failure)
Confirm with . or Enter, or press ? or * to list all spells.
Flames lash the steam dragon but do no damage.
You are engulfed in a cloud of scalding steam.
The steam dragon breathes steam at you.
The ball of steam misses you. ๐Ÿ˜• HP[-5] MP[-2]
You take 5 damage, and now have 52/57 hp.
You lost 2 mp, and now have 14/18 mp.
Casting: Scorch (safe; 1% risk of failure)
Confirm with . or Enter, or press ? or * to list all spells.
You conjure some foxfire!
You are engulfed in a cloud of scalding steam.
The foxfire hits the steam dragon but does no damage. x2
The steam dragon barely misses you.
The steam dragon closely misses you. ๐Ÿ˜• HP[-7] MP[-1]
You take 7 damage, and now have 45/57 hp.
You lost 1 mp, and now have 13/18 mp.
Casting: Foxfire (safe; 1% risk of failure)
Confirm with . or Enter, or press ? or * to list all spells.
Flames lash the steam dragon.
The steam dragon's fire resistance burns away.
You are engulfed in a cloud of scalding steam.
The steam dragon bites you.
The steam dragon claws you but does no damage.
The steam dragon breathes steam at you. The ball of steam hits you!!
* * * LOW HITPOINT WARNING * * *
๐Ÿ˜ฑ HP[-33] MP[-2]
You take 33 damage, and now have 12/57 hp.
MASSIVE DAMAGE!! (PAUSE)
You lost 2 mp, and now have 11/18 mp.
Casting: Scorch (safe; 1% risk of failure)
Confirm with . or Enter, or press ? or * to list all spells.
Flames lash the steam dragon.
The steam dragon is burned terribly!
You kill the steam dragon!
You are engulfed in a cloud of scalding steam.
* * * LOW HITPOINT WARNING * * *
You are engulfed in a cloud of scalding steam.
You die...

Skill      XL: |  1  2  3  4  5  6  7  8 |
---------------+-------------------------+-----
Conjurations   | 1 2 3 4 5 6 |  6.8
Fire Magic     | 3 4 5 6 7 |  7.3
Spellcasting   | 2 3 4 |  4.6
Dodging        | |  1.7
Stealth        | |  1.7

Action                   |  1- 3 |  4- 6 |  7- 9 || total
-------------------------+-------+-------+-------++-------
Melee: Short sword       |    40 |       |       ||    40
       Punch             |     1 |       |       ||     1
       Dagger            |       |    20 |     5 ||    25
 Cast: Foxfire           |    65 |   138 |    96 ||   299
       Scorch            |    10 |    36 |    39 ||    85
       Conjure Flame     |       |       |     3 ||     3
       Inner Flame       |       |       |     3 ||     3
       Flame Wave        |       |       |     2 ||     2
  Use: Scroll            |     8 |     5 |     4 ||    17
       Potion            |       |       |     2 ||     2
 Stab: Sleeping          |       |       |     1 ||     1
Armor: Robe              |    30 |    85 |    29 ||   144
       Skin              |       |       |     5 ||     5
Dodge: Dodged            |    52 |   116 |    47 ||   215

Levels and vault maps discovered:
D:1:      psy_arrival_fountain, layout_basic, serial_park_tiny_2,
          serial_park_tiny_pond
D:2:      layout_basic, basic_altar, uniq_robin
D:3:      layout_loops_cross, marbit_many_paths, grunt_decor_clamped,
          feat_on_display
D:4:      cheibrodos_barr_body, layout_rooms, temple_statues,
          chequers_ossuary_entry_cave, gammafunk_ghost_split, grunt_tough_drop
D:5:      layout_loops_cross, nicolae_hepliaklqana_monster_ancestors,
          nicolae_elyvilon_peaceful_grove, uniq_prince_ribbit1
D:6:      layout_cave_pools, lemuel_tele_altar, uniq_maggie

Notes
Turn   | Place    | Note
-------+----------+-------------------------------------------
     0 | D:1      | kae the Demigod Fire Elementalist began the quest for the
                  | Orb.
     0 | D:1      | Reached XP level 1. HP: 14/14 MP: 5/5
     0 | D:1      | magus.rc [v1.11.3]
    20 | D:1      | Reached skill level 1 in Conjurations
   449 | D:1      | Reached skill level 3 in Fire Magic
   449 | D:1      | Reached XP level 2. HP: 20/20 MP: 2/7
   529 | D:1      | Reached skill level 2 in Spellcasting
   576 | D:1      | Learned a level 2 spell: Scorch
   748 | D:1      | You pick up a book of Air and begin reading...
   748 | D:1      | You add the spells Shock, Swiftness and Airstrike to your
                  | library.
  1274 | D:2      | Reached XP level 3. HP: 26/26 MP: 3/8
  1304 | D:2      | Learned a level 3 spell: Conjure Flame
  1328 | D:2      | Reached skill level 2 in Conjurations
  1559 | D:2      | Noticed Robin
  1767 | D:2      | Killed Robin
  1970 | D:2      | Reached XP level 4. HP: 32/33 MP: 5/10
  2719 | D:3      | Upgraded the game from 0.29-a0-821-g66395355a5 to
                  | 0.29-a0-830-gcb1280458a
  2719 | D:3      | magus.rc [v1.11.3]
  2911 | D:3      | Reached skill level 4 in Fire Magic
  2911 | D:3      | Reached XP level 5. HP: 31/38 MP: 6/11
  2915 | D:3      | Learned a level 3 spell: Inner Flame
  2979 | D:3      | Reached skill level 3 in Conjurations
  3688 | D:4      | Found a sand-covered staircase.
  3700 | Ossuary  | Entered an ossuary
  4109 | Ossuary  | Reached XP level 6. HP: 39/45 MP: 8/13
  4332 | Ossuary  | Reached skill level 3 in Spellcasting
  4540 | D:4      | Reached skill level 4 in Conjurations
  4603 | D:4      | Found a staircase to the Ecumenical Temple.
  5014 | D:4      | Found a runed translucent gate.
  5016 | D:4      | Noticed ouz's ghost (novice KoBr)
  5019 | D:4      | Found a runed translucent gate.
  5061 | D:4      | Reached skill level 5 in Fire Magic
  5402 | D:3      | Reached XP level 7. HP: 31/50 MP: 3/15
  5543 | D:4      | HP: 10/50 [centaur/arrow (8)]
  5548 | D:5      | Entered Level 5 of the Dungeon
  5551 | D:5      | HP: 10/75 [phantom (5)]
  5713 | D:5      | Reached skill level 5 in Conjurations
  6136 | D:4      | You add the spells Blink, Manifold Assault and Storm Form
                  | to your library.
  6186 | D:4      | Found a runed translucent gate.
  6217 | D:5      | Noticed Prince Ribbit
  6221 | D:5      | Killed Prince Ribbit
  6222 | D:5      | Reached skill level 4 in Spellcasting
  6222 | D:5      | Reached skill level 6 in Fire Magic
  6405 | D:5      | Identified the +1 ring mail of the Fletcher {rF- rN+ Dex+7
                  | Stlth-}
  6439 | D:5      | Reached XP level 8. HP: 57/57 MP: 11/17
  6919 | D:5      | Reached skill level 6 in Conjurations
  7834 | D:6      | Learned a level 4 spell: Flame Wave
  7837 | D:6      | Learned a level 2 spell: Blink
  7846 | D:6      | Noticed Maggie
  7870 | D:6      | Reached skill level 7 in Fire Magic
  8039 | D:6      | HP: 14/57 [orc priest/nerve-wracking pain (8)]
  8277 | D:6      | HP: 12/57 [steam dragon/ball of steam (18)]
  8279 | D:6      | Engulfed by a cloud of steam

Vanquished Creatures
  Prince Ribbit (D:5)
  A steam dragon (D:6)
  A black bear (D:3)
  2 centaurs (D:5)
  2 phantoms (D:5)
  2 gnoll sergeants (D:5)
  A bullfrog (D:6)
  A scorpion (D:5)
  3 water moccasin zombies (Ossuary)
  A howler monkey (D:3)
  4 hounds
  2 orc priests
  A jelly (D:6)
  3 iguanas
  2 orc wizards
  2 mummies (Ossuary)
  Robin (D:2)
  19 gnolls
  7 adders
  A shadow imp (D:6)
  3 ufetubi
  3 adder zombies (Ossuary)
  2 worms
  3 dart slugs
  11 orcs
  4 bats
  6 endoplasms
  2 giant cockroaches
  4 gnoll zombies (Ossuary)
  16 goblins
  10 hobgoblins
  10 jackals
  8 quokkas
  6 ball pythons
  2 frilled lizards (D:3)
  7 hobgoblin zombies (Ossuary)
  8 kobolds
  8 kobold zombies (Ossuary)
  7 orc zombies (Ossuary)
  2 rats
  A spectral hobgoblin (D:5)
180 creatures vanquished.

Vanquished Creatures (collateral kills)
  A foxfire (D:1)
1 creature vanquished.

Vanquished Creatures (others)
  A butterfly (D:5)
  519 foxfires
520 creatures vanquished.

Grand Total: 701 creatures vanquished

Table legend:
 A = Non-vault XP
 B = Vault XP
 C = Vault XP percentage of total XP
 D = Non-vault monster count
 E = Vault monster count
 F = Vault count percentage of total count
                 A         B        C        D         E       F
            +---------+---------+-------+---------+---------+-------
      Total |    1685 |    1138 |  40.3 |     111 |      69 |  38.3
            +---------+---------+-------+---------+---------+-------
        D:1 |      39 |       6 |  13.3 |      19 |       3 |  13.6
        D:2 |      71 |      33 |  31.7 |      17 |      10 |  37.0
        D:3 |     179 |     188 |  51.2 |      18 |       5 |  21.7
        D:4 |     131 |     102 |  43.8 |      16 |      11 |  40.7
        D:5 |     808 |     499 |  38.2 |      32 |       6 |  15.8
        D:6 |     457 |       0 |   0.0 |       9 |       0 |   0.0
    Ossuary |       0 |     310 | 100.0 |       0 |      34 | 100.0
            +---------+---------+-------+---------+---------+-------

Illustrated notes

Table legend:
 A = Kills in this place as a percentage of kills in entire the game.
 B = Kills by you in this place as a percentage of kills by you in the entire game.
 C = Kills by friends in this place as a percentage of kills by friends in the entire game.
 D = Other kills in this place as a percentage of other kills in the entire game.
 E = Experience gained in this place as a percentage of experience gained in the entire game.
 F = Experience gained in this place divided by the number of levels of this place that you have seen.
                   A       B       C       D       E      F
               +-------+-------+-------+-------+-------+----------------------
         Total | 100.0 | 100.0 |   N/A |   N/A | 100.0 | 403.3
       Dungeon |  81.1 |  81.1 |   N/A |   N/A |  89.0 | 418.8
       Ossuary |  18.9 |  18.9 |   N/A |   N/A |  11.0 | 310.0
               +-------+-------+-------+-------+-------+----------------------

Table legend: (Time is in decaauts)
 A = Elapsed time spent in this place.
 B = Non-inter-level travel time spent in this place.
 C = Inter-level travel time spent in this place.
 D = Time resting spent in this place.
 E = Time spent auto-exploring this place.
 F = Levels seen in this place.
 G = Mean time per level.
                   A        B        C        D        E       F      G
               +--------+--------+--------+--------+--------+-----+--------+
         Total |   8288 |   8103 |    185 |   1706 |   4885 |   7 | 1184.0 |
       Dungeon |   7498 |   7313 |    185 |   1608 |   4404 |   6 | 1249.7 |
       Ossuary |    789 |    789 |      0 |     98 |    481 |   1 |  789.0 |
               +--------+--------+--------+--------+--------+-----+--------+

Top non-repeatable levels by time:
     D:5: 2069 daAuts
     D:3: 1476 daAuts
     D:1: 1402 daAuts
     D:4: 1340 daAuts
     D:2: 960 daAuts
 Ossuary: 789 daAuts
     D:6: 248 daAuts
